Map: Pylon LE

Players

KimChiLoVer - Winner!

  • Race: Terran Terran
  • League: Diamond
  • Spawn Location: 5:00

A.I. 1 (Elite)

  • Race: Zerg Zerg
  • Spawn Location: 11:00

VOD

Have the link to the VOD?

Description

Time

  • Played on: Aug. 30, 2025, 11:14 p.m.
  • Length: 11:15
Show
View Real Time Build Order
Export as new Build Order

KimChiLoVer Terran - Winner!

Build Orders: Reaper Expand 

Get SALT Encoding   

  12  0:00  SCV  
  13  0:12  SCV  
  14  0:18  Supply Depot  
  14  0:26  SCV  
  15  0:39  SCV  
  15  0:41  Barracks  
  16  0:44  Refinery  
  16  0:51  SCV  
  17  1:03  SCV  
  18  1:15  SCV  
  19  1:27  Orbital Command  
  19  1:29  Reaper  
  20  1:41  Command Center  
  20  1:49  Supply Depot  
  20  1:54  SCV  
  21  2:02  Marine  
  22  2:15  Factory  
  22  2:31  Barracks Reactor  
  22  2:43  SCV  
  23  2:45  Command Center  
  23  2:59  Barracks  
  23  3:09  SCV  
  24  3:13  Hellion  
  24  3:15  Marine x2  
  28  3:25  SCV  
  29  3:33  Command Center  
  29  3:38  SCV  
  30  3:52  Marine, Barracks Tech Lab  
  31  3:57  Hellion x2  
  31  3:59  Command Center  
  35  4:06  Orbital Command  
  35  4:13  Refinery, Stimpack  
  35  4:28  Engineering Bay  
  35  4:32  Factory Reactor  
  35  4:33  Engineering Bay  
  35  4:40  Orbital Command  
  35  4:41  Marine x3  
  39  4:45  SCV  
  39  4:51  Orbital Command  
  39  4:58  Marine  
  40  5:01  Starport  
  40  5:03  SCV  
  41  5:14  Marine x2  
  41  5:20  Factory Tech Lab  
  43  5:22  SCV  
  43  5:28  SCV  
  45  5:30  Marine  
  45  5:32  Marine  
  45  5:34  SCV  
  45  5:35  Orbital Command  
  48  5:40  SCV, Siege Tank  
  52  5:43  Marine  
  52  5:45  Terran Infantry Weapons Level 1  
  52  5:48  Marine, Medivac  
  56  5:53  Combat Shield  
  56  6:04  Refinery x2  
  56  6:05  Marine x2  
  58  6:12  Barracks  
  58  6:14  Barracks  
  58  6:24  Barracks  
  58  6:25  Siege Tank  
  61  6:31  Starport Reactor  
  61  6:33  SCV  
  61  6:36  SCV x3  
  65  6:45  SCV  
  66  6:48  SCV x3  
  66  6:51  Marine x2  
  66  6:52  Marine  
  72  6:57  Terran Infantry Armor Level 1  
  72  6:58  SCV  
  72  7:00  SCV x2  
  72  7:01  Barracks Reactor  
  75  7:09  Marine  
  75  7:15  Supply Depot  
  76  7:16  Supply Depot  
  76  7:23  Marine x2, SCV x3  
  76  7:24  Barracks Reactor  
  76  7:25  Siege Tank  
  84  7:33  Marine x2  
  84  7:34  Medivac x2  
  84  7:36  SCV x2  
  92  7:38  SCV, Supply Depot  
  92  7:40  Marine x3, Supply Depot  
  92  7:41  Marine  
  97  7:46  Barracks  
  97  7:47  Barracks  
  97  7:48  SCV x2  
  99  7:53  Barracks  
  99  7:56  Marine  
  99  7:57  Marine x2  
  99  7:58  Marine x2  
  104  8:00  SCV x2  
  104  8:02  Siege Tank  
  109  8:08  Marine x2  
  109  8:09  Marine x2  
  109  8:12  SCV  
  114  8:13  Supply Depot  
  114  8:14  Marine x2  
  114  8:15  Supply Depot  
  114  8:19  SCV  
  118  8:20  SCV x2  
  118  8:23  Marine x3  
  118  8:24  SCV  
  123  8:31  SCV  
  123  8:32  Refinery  
  124  8:35  Medivac x2  
  124  8:36  Marine x3, Supply Depot  
  124  8:37  Barracks Reactor  
  124  8:40  Barracks Reactor x2  
  131  8:50  Supply Depot  
  131  8:53  Marine x6  
  131  8:54  Marine x2  
  139  8:58  SCV  
  139  9:00  Supply Depot  
  140  9:05  Supply Depot  
  140  9:08  Marine  
  141  9:11  Marine x4  
  145  9:23  Marine x2  
  145  9:24  Marine x3  
  148  9:26  Marine x6, Siege Tank  
  148  9:30  Supply Depot  
  117  10:09  Marine  
  117  10:14  Marine  
  117  10:15  Marine x3  
  117  10:16  Marine  
  117  10:19  Marine  
  103  11:13  Supply Depot  
Show
View Real Time Build Order
Export as new Build Order

A.I. 1 (Elite) Zerg 

Build Orders: Pool First 

Get SALT Encoding   

  12  0:18  Spawning Pool  
  11  0:21  Drone  
  11  0:25  Drone  
  13  0:30  Drone  
  14  0:40  Overlord  
  14  1:05  Zergling x6  
  14  1:06  Queen  
  19  1:16  Zergling x2  
  20  1:27  Zergling x2  
  21  1:37  Zergling x2  
  22  1:49  Overlord  
  22  1:56  Hatchery  
  22  1:59  Drone  
  22  2:09  Zergling x2  
  22  2:13  Zergling x4  
  25  2:17  Zergling x2  
  25  2:22  Zergling x2  
  27  2:32  Overlord  
  27  2:43  Zergling x2  
  27  2:45  Zergling x4  
  27  2:50  Zergling x2  
  27  2:55  Zergling x2  
  26  3:05  Zergling x2  
  26  3:07  Zergling x2  
  26  3:16  Drone  
  26  3:17  Drone  
  26  3:19  Drone  
  26  3:22  Extractor  
  26  3:25  Drone  
  26  3:30  Drone  
  27  3:35  Drone  
  28  3:57  Drone, Extractor  
  28  3:59  Extractor  
  28  4:01  Roach Warren  
  28  4:02  Drone  
  27  4:05  Drone  
  28  4:15  Drone  
  29  4:18  Drone  
  29  4:19  Drone  
  29  4:22  Drone  
  29  4:23  Drone  
  33  4:34  Lair  
  33  4:42  Roach  
  35  4:58  Extractor  
  34  5:00  Drone  
  34  5:02  Overlord, Drone  
  34  5:05  Roach  
  38  5:10  Roach  
  42  5:14  Roach  
  42  5:21  Roach  
  44  5:25  Overlord  
  44  5:30  Roach  
  44  5:34  Drone  
  47  5:37  Hydralisk Den, Drone  
  47  5:40  Drone  
  48  5:43  Drone  
  48  5:46  Drone  
  50  5:50  Drone  
  50  5:53  Drone  
  52  5:59  Overlord  
  52  6:03  Drone  
  52  6:07  Drone  
  52  6:08  Hydralisk  
  55  6:12  Hydralisk  
  55  6:15  Drone  
  55  6:18  Drone  
  59  6:21  Drone  
  59  6:23  Drone  
  61  6:28  Overlord  
  61  6:30  Drone  
  62  6:33  Drone  
  62  6:35  Drone  
  62  6:37  Drone  
  65  6:42  Drone  
  65  6:45  Drone  
  67  6:53  Drone  
  68  6:55  Overlord  
  68  6:58  Infestation Pit  
  68  6:59  Drone  
  68  7:00  Drone  
  69  7:02  Drone  
  69  7:05  Drone  
  69  7:06  Drone  
  72  7:14  Baneling Nest  
  71  7:15  Drone  
  71  7:17  Drone  
  73  7:25  Overseer  
  73  7:26  Overlord, Metabolic Boost  
  73  7:27  Drone  
  74  7:30  Drone x2, Roach  
  78  7:38  Drone, Roach  
  81  7:46  Evolution Chamber  
  81  7:48  Overlord  
  81  7:49  Drone  
  81  7:54  Hatchery  
  80  7:59  Infestor, Baneling x4  
  80  8:00  Roach  
  80  8:03  Roach  
  80  8:04  Infestor  
  88  8:06  Baneling x2  
  88  8:07  Baneling  
  88  8:08  Zergling x2  
  88  8:11  Overlord  
  88  8:12  Baneling  
  89  8:13  Zerg Melee Weapons Level 1  
  89  8:15  Centrifugal Hooks  
  89  8:22  Ravager  
  89  8:23  Evolution Chamber  
  89  8:24  Roach, Ravager  
  92  8:27  Roach  
  92  8:29  Hydralisk  
  92  8:33  Overlord  
  96  8:35  Hydralisk  
  96  8:38  Infestor  
  100  8:41  Infestor  
  100  8:44  Roach  
  100  8:47  Roach  
  106  8:53  Overlord  
  106  8:57  Roach  
  106  8:58  Neural Parasite  
  108  9:07  Drone x2, Zergling x2  
  108  9:08  Drone x2  
  112  9:10  Drone  
  112  9:15  Drone  
  115  9:19  Extractor  
  115  9:21  Drone, Spine Crawler  
  106  9:25  Drone, Baneling x2  
  102  9:32  Drone  
  102  9:37  Drone, Zergling x4  
  107  9:43  Overlord  
  101  9:55  Drone  
  101  9:57  Baneling x2  
  77  10:05  Zergling x2  
  66  10:10  Drone, Zergling x2  
  53  10:25  Hatchery  
Tags
 
Add a new tag
Caveats
  • Supply blocks, unpowered buildings, or Contaminate may cause inaccurate times.
  • Supply counts are checked every 10 seconds.